AoeStats
← old f1sh

Black Forest

509655128Analyzed
4v4 RM · 4d ago on Sep 27, 2026· 42m 9s· 8 players
Game mode
Random Map
Map size
Large (8 player)
Population
200
Speed
Normal
Resources
Standard
Victory
Conquest
Starting age
Dark Age
Ending age
Imperial Age
RankedLock teamsTeams togetherTeam positionsShared explorationLock speedFull tech treeHidden civsTurbo modeCheats
Victory
Defeat
🇳🇱 Mongols · Netherlands
1461
+15
🇫🇷 Lithuanians · France
1439
+16
🇨🇱 Danes · Chile
1435
+16
🇳🇱 Spanish · Netherlands
1416
+17
🇨🇳 Burgundians · China
1503
-19
🇨🇳 Varangians · China
1437
-16
🇲🇽 Teutons · Mexico
1409
-15
🇨🇳 Turks · China
1387
-14
Bi Hez
7:36 Loom
9:52 Feudal Age
10:13 Man-at-Arms
20:32 Castle Age
18:56 Double-Bit Axe
19:04 Arson
20:35 Long Swordsman
21:47 Scale Mail Armor
28:13 Bow Saw
27:46 Horse Collar
28:47 Heavy Plow
29:28 Wheelbarrow
32:05 Hand Cart
36:42 Imperial Age
34:36 Padded Archer Armor
34:27 Fletching
34:46 Elite Skirmisher
35:46 Leather Archer Armor
36:05 Ballistics
36:38 Chain Mail Armor
36:21 Bodkin Arrow
37:32 Bracer
38:03 Ring Archer Armor
38:37 Chemistry
39:21 Two-Handed Swordsman
39:47 Gambesons
40:02 Squires
39:38 Hamask
40:43 Conscription
39:46 Hamask
42:34 Chain Mail Armor
42:30 Forging
Dani_AOE2
6:15 Loom
12:25 Feudal Age
13:17 Horse Collar
13:23 Double-Bit Axe
13:30 Gold Mining
16:17 Castle Age
19:58 Bow Saw
20:56 Heavy Plow
24:31 Wheelbarrow
23:51 Stone Mining
25:49 Hand Cart
25:51 Fletching
26:01 Padded Archer Armor
25:52 Town Watch
27:11 Gold Shaft Mining
27:30 Stone Shaft Mining
27:36 Stone Shaft Mining
28:06 Bodkin Arrow
28:26 Leather Archer Armor
31:13 Imperial Age
29:51 Scale Barding Armor
29:56 Forging
30:17 Bloodlines
30:07 Husbandry
30:13 Thumb Ring
30:03 Light Cavalry
32:15 Chain Barding Armor
32:30 Iron Casting
32:35 Ballistics
32:36 Elite Mangudai
33:17 Bracer
34:19 Chemistry
32:50 Elite Mangudai
34:37 Parthian Tactics
34:18 Hussar
36:06 Coinage
36:47 Blast Furnace
40:01 Capped Ram
41:18 Siege Engineers
42:08 Siege Ram
antorse31
6:27 Loom
7:42 Loom
11:09 Feudal Age
14:54 Castle Age
14:23 Double-Bit Axe
14:28 Horse Collar
15:50 Bow Saw
21:04 Wheelbarrow
25:52 Hand Cart
27:01 Fervor
27:59 Heavy Plow
32:56 Imperial Age
31:34 Scale Barding Armor
31:26 Heated Shot
31:19 Treadmill Crane
31:50 Masonry
31:56 Forging
32:37 Chain Barding Armor
32:47 Gold Mining
32:51 Stone Mining
33:54 Iron Casting
34:14 Architecture
33:52 Husbandry
34:03 Bloodlines
34:50 Plate Barding Armor
34:42 Conscription
35:41 Iron Casting
34:40 Elite Leitis
38:05 Light Cavalry
39:01 Winged Hussar
41:36 Chemistry
LogsandBoats
1:22 Loom
11:13 Feudal Age
11:23 Feudal Age
16:02 Castle Age
14:43 Double-Bit Axe
14:39 Horse Collar
16:57 Bow Saw
18:42 Gold Mining
21:46 Wheelbarrow
25:41 Hand Cart
32:57 Imperial Age
32:38 Padded Archer Armor
33:26 Heavy Plow
33:53 Scale Barding Armor
33:59 Forging
34:00 Cavalier
34:50 Bloodlines
34:41 Husbandry
35:23 Chain Barding Armor
36:12 Two-Man Saw
37:01 Plate Barding Armor
37:01 Iron Casting
36:54 Town Watch
37:48 Paladin
41:03 Blast Furnace
40:52 Leather Archer Armor
Seifer
0:51 Loom
10:35 Feudal Age
11:08 Double-Bit Axe
12:04 Town Watch
15:38 Fletching
20:51 Castle Age
25:55 Horse Collar
28:40 Wheelbarrow
28:49 Bow Saw
30:48 Hand Cart
35:15 Imperial Age
33:32 Caravan
34:55 Scale Barding Armor
35:01 Forging
37:10 Two-Man Saw
36:33 Chain Barding Armor
36:51 Guilds
37:52 Iron Casting
36:48 Cavalier
38:06 Plate Barding Armor
37:53 Bloodlines
38:01 Bloodlines
38:24 Paladin
V我50%匡扶汉室
6:07 Loom
12:14 Feudal Age
13:44 Horse Collar
13:57 Double-Bit Axe
16:14 Castle Age
17:44 Bow Saw
17:36 Heavy Plow
21:16 Gold Mining
24:26 Wheelbarrow
24:02 Stone Mining
27:15 Gold Shaft Mining
26:59 Hand Cart
30:37 Imperial Age
28:17 Padded Archer Armor
29:39 Leather Archer Armor
29:32 Scale Barding Armor
29:38 Forging
32:18 Ring Archer Armor
31:54 Scale Barding Armor
31:59 Forging
32:26 Conscription
42:23 Artillery
old f1sh
3:51 Double-Bit Axe
11:00 Feudal Age
12:47 Bow Saw
14:38 Castle Age
12:26 Horse Collar
19:19 Wheelbarrow
21:17 Gold Mining
23:01 Sanctity
23:39 Gold Shaft Mining
24:24 Hand Cart
27:23 Imperial Age
24:40 Loom
26:52 Heavy Plow
27:09 Guilds
29:07 Chemistry
31:17 Padded Archer Armor
35:53 Leather Archer Armor
35:56 Scale Mail Armor
36:06 Forging
38:01 Bombard Tower
39:00 Scale Barding Armor
39:30 Iron Casting
39:45 Cavalier
40:25 Husbandry
40:47 Chain Barding Armor
41:56 Blast Furnace
42:02 Squires
41:47 Arson
涅槃重生
0:27 Loom
11:55 Feudal Age
16:22 Castle Age
15:06 Double-Bit Axe
15:16 Stone Mining
15:45 Horse Collar
24:54 Fletching
28:14 Bodkin Arrow
32:37 Bow Saw
37:39 Scale Barding Armor
37:45 Forging
38:20 Bloodlines
40:19 Chain Barding Armor
40:35 Iron Casting
40:57 Heavy Plow
Connection lost

Rejoining the realm…

Still unreachable

The connection could not be restored.

Session expired

The server has moved on; the page needs a fresh start.